 Dungeon Crawl Stone Soup version 0.22-a0-254-gaf95ca0 (webtiles) character file.

1685 wvc the Magician (level 9, -2/84 HPs)
             Began as a Naga Transmuter on Mar 4, 2018.
             Slain by an orc warrior
             ... wielding a +0 glaive
              (18 damage)
             ... on level 6 of the Dungeon.
             The game lasted 00:18:19 (7870 turns).

wvc the Magician (Naga Transmuter)                  Turns: 7870, Time: 00:18:21

Health: -2/84      AC:  6    Str: 12    XL:     9   Next: 2%
Magic:  12/19      EV: 10    Int: 16    God:
Gold:   168        SH:  0    Dex: 13    Spells: 7/22 levels left

rFire    x . .     SeeInvis +     - Unarmed
rCold    + + +     Gourm    .   (shield currently unavailable)
rNeg     . . .     Faith    .   (armour currently unavailable)
rPois    +         Spirit   .   (helmet currently unavailable)
rElec    .         Reflect  .   (cloak currently unavailable)
rCorr    .         Harm     .   (gloves currently unavailable)
MR       +....                  (no barding)
Stlth    ++........             (no amulet)
HPRegen  0.24/turn              c - ring of stealth
MPRegen  0.16/turn              (no ring)

@: ice-form, very slightly contaminated
A: large, see invisible, slow metabolism 1, spit poison 1, AC +3
a: Spit Poison, End Transformation


You were on level 6 of the Dungeon.
You were hungry.
You were a creature of crystalline ice.
You visited 1 branch of the dungeon, and saw 6 of its levels.

You collected 201 gold pieces.
You spent 33 gold pieces at shops.

Inventory:

Missiles
 a - 12 arrows
 e - 23 poisoned needles
 f - 5 tomahawks of returning (quivered)
 w - 7 javelins
Armour
 b - a +0 robe (melded)
 i - a +0 pair of gloves (melded)
 u - a +0 helmet (melded)
Jewellery
 c - a ring of stealth (left front paw)
Wands
 l - a wand of flame (69)
 o - a wand of iceblast (3)
 s - a wand of clouds (3)
Scrolls
 j - 3 scrolls of teleportation
 n - a scroll of immolation
 v - a scroll of remove curse
Potions
 h - 2 potions of resistance {unknown}
 k - a potion of ambrosia {unknown}
 m - a potion of invisibility
 p - a potion of cancellation {unknown}
 q - 2 potions of agility {unknown}
 r - 2 potions of lignification {unknown}
Comestibles
 d - 10 rations


   Skills:
 - Level 1.0 Fighting
 - Level 1.5 Dodging
 - Level 3.0 Unarmed Combat
 + Level 7.1 Spellcasting
 + Level 6.6 Transmutations
 * Level 3.7 Ice Magic
 - Level 4.1 Poison Magic


You had 7 spell levels left.
You knew the following spells:

 Your Spells              Type           Power        Failure   Level  Hunger
a - Beastly Appendage     Tmut           ####..       1%          1    None
b - Sticks to Snakes      Tmut           ####....     1%          2    None
c - Spider Form           Tmut/Pois      ###.......   4%          3    ##.....
d - Ice Form              Ice/Tmut       ###.....     14%         4    ####...
e - Blade Hands           Tmut           ####......   22%         5    #####..


Dungeon Overview and Level Annotations

Branches:
Dungeon (6/15)
 Temple: D:4-7

Altars:
Elyvilon
Fedhas
Nemelex Xobeh

Shops:
D:4 }?[


Innate Abilities, Weirdness & Mutations

You cannot wear boots.
((Your serpentine skin is tough. (AC +3)))
You have supernaturally acute eyesight. (SInv)
((Armour fits poorly on your strangely shaped body.))
((Your system is resistant to poisons. (rPois)))
((You cover ground very slowly.))
You have a slow metabolism.
You can spit poison.


Message History

The orc warrior hits you with a glaive!
* * * LOW HITPOINT WARNING * * *
You hit the orc warrior but do no damage.
The orc warrior is lightly wounded.
The orc warrior hits you with a glaive!
* * * LOW HITPOINT WARNING * * *
The orc wizard casts a spell.
The orc wizard blinks!
You feel much better.
The orc wizard mumbles some strange words.
The orc wizard seems to speed up.
The orc warrior hits you with a glaive!
* * * LOW HITPOINT WARNING * * *
You barely miss the orc warrior.
The orc warrior is lightly wounded.
You punch the orc warrior! You freeze the orc warrior.
The orc warrior is severely wounded.
The orc wizard casts a spell.
The orc wizard blinks!
The orc warrior hits you with a glaive!!
You die...

#.######
#####......#
...#..⌠...+
#.#......#
#..⌠...⌠.# #
#........#.###
#....>.....o...
#.......§..####
#.)⌠..Y⌠...#
#.#...)o...#
#.#..⌠.....#
#.###.###..#
#.##### ..#
#.#...###..#
#.'...+.# .
#......
###...#.# ##
#......#
#...#.# ......+


You could see an orc warrior and an orc wizard.

Vanquished Creatures
  A sky beast (D:5)
  Duvessa (D:5)
  An ice beast (D:4)
  A big kobold (D:6)
  A bullfrog (D:4)
  Dowan (D:5)
  2 howler monkeys (D:5)
  6 electric eels (D:6)
  4 crimson imps
  2 bullfrog skeletons
  4 orc priests
  2 hounds
  Ijyb (D:4)
  Natasha (thrice) (D:3)
  4 orc wizards
  5 worker ants
  2 hound skeletons
  7 adders
  An ooze (D:4)
  3 worms (D:2)
  3 dart slugs
  5 leopard geckos
  17 orcs
  4 bats
  3 giant cockroaches (D:2)
  11 goblins
  5 hobgoblins
  7 jackals
  2 quokkas (D:2)
  A ball python (D:1)
  6 frilled lizards
  7 kobolds
  8 rats
  A plant (D:6)
132 creatures vanquished.

Vanquished Creatures (others)
  A plant (D:6)
1 creature vanquished.

Grand Total: 133 creatures vanquished

Notes
Turn   | Place    | Note
-------+----------+-------------------------------------------
     0 | D:1      | wvc the Naga Transmuter began the quest for the Orb.
     0 | D:1      | Reached XP level 1. HP: 18/18 MP: 3/3
   125 | D:1      | Reached XP level 2. HP: 19/25 MP: 3/5
   783 | D:1      | Learned a level 2 spell: Sticks to Snakes
   963 | D:1      | Found a sparkling altar of Nemelex Xobeh.
  1061 | D:1      | Reached XP level 3. HP: 28/31 MP: 4/7
  1510 | D:1      | Learned a level 3 spell: Spider Form
  1759 | D:1      | Reached skill level 3 in Spellcasting
  1968 | D:2      | Reached skill level 1 in Poison Magic
  1971 | D:2      | Reached XP level 4. HP: 28/38 MP: 1/8
  2615 | D:2      | You fall through a shaft for 2 floors!
  2615 | D:4      | Found Ampuxtihe's Magic Scroll Boutique.
  2627 | D:4      | Bought a scroll of teleportation for 33 gold pieces
  2700 | D:4      | Found Epuer's Armour Boutique.
  2735 | D:3      | Reached XP level 5. HP: 20/44 MP: 7/10
  2761 | D:3      | Learned a level 4 spell: Ice Form
  3048 | D:3      | Reached skill level 4 in Spellcasting
  3502 | D:3      | Noticed Natasha
  3514 | D:3      | Reached XP level 6. HP: 50/51 MP: 5/12
  3524 | D:3      | Killed Natasha
  4068 | D:3      | Noticed Natasha
  4074 | D:3      | Killed Natasha
  4090 | D:3      | Noticed Natasha
  4097 | D:3      | Killed Natasha
  4298 | D:4      | Found Viubeism's Gadget Shop.
  4302 | D:4      | Noticed an ice beast
  4317 | D:4      | Killed an ice beast
  4550 | D:4      | Reached XP level 7. HP: 48/57 MP: 9/14
  4727 | D:4      | Reached skill level 5 in Spellcasting
  5160 | D:4      | Reached skill level 1 in Ice Magic
  5170 | D:4      | Reached skill level 5 in Transmutations
  5496 | D:4      | Noticed Ijyb
  5506 | D:4      | Killed Ijyb
  5952 | D:5      | Entered Level 5 of the Dungeon
  5963 | D:5      | Reached XP level 8. HP: 64/64 MP: 13/16
  5973 | D:5      | Reached skill level 6 in Spellcasting
  6366 | D:5      | Noticed Dowan
  6367 | D:5      | Noticed Duvessa
  6388 | D:5      | Killed Duvessa
  6392 | D:5      | Killed Dowan
  6580 | D:5      | Found a white marble altar of Elyvilon.
  6691 | D:6      | Found a blossoming altar of Fedhas.
  7082 | D:6      | Learned a level 5 spell: Blade Hands
  7399 | D:6      | Reached skill level 7 in Spellcasting
  7584 | D:6      | Reached XP level 9. HP: 34/70 MP: 19/19
  7870 | D:6      | Slain by an orc warrior

Vault maps used:
D:1:      shiori_arrival_elements, nemelex_diamond_rough_becter
D:2:      first_ration
D:3:      uniq_natasha
D:4:      serial_shops, shop, shop, shop, minivault_27,
          kennysheep_generic_room_3, uniq_ijyb
D:5:      marbit_many_paths, uniq_duvessa
D:6:      cheibrodos_two_vegetables, old_standard_altar, basic_altar,
          grunt_ministairs_2, lemuel_angel_altar

Skill      XL: |  1  2  3  4  5  6  7  8 |
---------------+-------------------------+-----
Spellcasting   | 3 4 5 7 |  7.1
Poison Magic   | 1 2 4 |  4.1
Transmutations | 3 4 5 6 |  6.6
Ice Magic      | 1 3 |  3.7
Fighting       | |  1.0
Dodging        | |  1.5
Unarmed Combat | |  3.0

Action                   |  1- 3 |  4- 6 |  7- 9 || total
-------------------------+-------+-------+-------++-------
Melee: Unarmed           |   111 |   196 |   211 ||   518
       Headbutt          |     9 |       |       ||     9
       Punch             |       |     1 |       ||     1
 Cast: Beastly Appendage |    17 |       |       ||    17
       Spider Form       |     2 |    15 |    13 ||    30
       Ice Form          |       |       |     8 ||     8
 Abil: Spit Poison       |     5 |     2 |     2 ||     9
Evoke: Wand              |       |       |    15 ||    15
  Use: Scroll            |       |     9 |     3 ||    12
       Potion            |       |     1 |     1 ||     2
 Stab: Sleeping          |       |     1 |     1 ||     2
  Eat: Chunk             |     1 |     3 |     4 ||     8
       Ration            |     1 |     1 |     2 ||     4
Armor: Robe              |     7 |    21 |    11 ||    39
       Skin              |       |     7 |    21 ||    28
Dodge: Dodged            |    67 |   139 |   115 ||   321

Table legend:
 A = Spawn XP
 B = Non-spawn XP
 C = Spawn XP percentage of total XP
 D = Spawn monster count
 E = Non-spawn monster count
 F = Spawn count percentage of total count
 G = Total turns spent on level
                    A         B        C        D         E        F      G
               +---------+---------+-------+---------+---------+-------+---------
         Total |       0 |    2408 |   0.0 |       0 |     131 |   0.0 |  7870
               +---------+---------+-------+---------+---------+-------+---------
           D:1 |       0 |      57 |   0.0 |       0 |      26 |   0.0 |  1825
           D:2 |       0 |      83 |   0.0 |       0 |      26 |   0.0 |   842
           D:3 |       0 |     297 |   0.0 |       0 |      29 |   0.0 |  1526
           D:4 |       0 |     747 |   0.0 |       0 |      22 |   0.0 |  1759
           D:5 |       0 |     659 |   0.0 |       0 |      15 |   0.0 |   734
           D:6 |       0 |     565 |   0.0 |       0 |      13 |   0.0 |  1184
               +---------+---------+-------+---------+---------+-------+---------
